[Event "European Women Blitz-ch 2024"]
[Site "Monaco"]
[Date "2025.01.10"]
[Round "4.10"]
[White "Javakhishvili, Lela"]
[Black "Berend, Elvira"]
[Result "1-0"]
[Annotator "TA"]
[ECO "A06"]
[WhiteElo "2426"]
[BlackElo "2237"]
[PlyCount "142"]
[EventDate "2025.01.06"]
[EventType "swiss"]
[EventCountry "MNC"]
[SourceTitle "playchess.com"]
[Source "ChessBase"]
[SourceQuality "1"]
[TimeControl "180+2"]

1. Nf3 d5 2. b3 Nf6 3. Bb2 c5 4. e3 e6 5. a3 a6 6. d4 Nc6 7. Bd3 Be7 8. dxc5 Bxc5 9. O-O Be7 10. Nbd2 O-O 11. c4 dxc4 12. Nxc4 b5 13. Nce5 Bb7 14. Qe2 Nxe5 15. Bxe5 Bxf3 16. gxf3 Nd7 17. Rfd1 $2 (17. Bg3 $11) 17... Qe8 $2 (17... Nxe5 $19 18. Bxh7+ Kxh7 19. Rxd8 Rfxd8 (19... Raxd8 $2 20. f4 $19)) 18. Bg3 Bf6 19. Rac1 Ne5 20. Be4 Rc8 21. f4 Ng6 22. Bb7 (22. f5 $14 exf5 23. Bxf5 Rxc1 24. Rxc1) 22... Rxc1 $15 23. Rxc1 Qe7 24. Bxa6 (24. Be4 $15) 24... Qxa3 $19 25. Rc6 Ne7 $1 26. Rb6 Nd5 (26... Qxb3 27. Qxb5 Qxb5 28. Bxb5 $11) 27. Qxb5 Nxb6 28. Qxb6 Ra8 29. Bc4 Qa7 30. Qc6 Rd8 31. Qf3 g6 32. h4 Qa1+ 33. Kh2 Qa8 34. Qg4 (34. Kg2 $142) 34... h5 35. Qe2 Qa1 36. Qf3 Qd1 37. Qg2 Qc2 38. Qf3 Kg7 39. f5 exf5 40. Qb7 Rf8 41. Bd5 (41. Kg2) 41... Qc8 $2 (41... Qb2 $19 42. Qc7 Qc3) 42. Qa7 $2 (42. Bd6 $17 {nothing else works.}) 42... Qd8 $19 43. Qb7 Qe8 44. Bd6 $2 (44. Kg2 {is more resistant.} Be5 45. f4) 44... Be5+ $19 45. Bxe5+ Qxe5+ 46. Kg2 f4 47. e4 Qf6 48. Kh3 f3 49. Kg3 (49. Qc7 {was forced.}) 49... g5 $19 50. hxg5 Qxg5+ 51. Kxf3 Qf6+ 52. Ke2 Qb2+ 53. Kf3 Qc3+ 54. Kg2 Qe5 55. b4 (55. Qd7) 55... Qg5+ $19 56. Kf3 Qg4+ 57. Ke3 h4 58. Qc7 Qg5+ (58... Qh5 $19 {is more deadly. And now ...h3 would win.} 59. b5 h3 60. Qg3+ Kh7) 59. Ke2 $2 (59. Kf3 $17 {was called for.}) 59... h3 $2 (59... Qh5+ $19 60. Ke3 h3) 60. b5 $2 {[%emt 0:00:04][%mdl 8192] [#]} (60. Qc3+ $11 Qf6 61. Qg3+ (61. Qxh3 Qf4 $15) 61... Qg6 62. Qxh3) 60... h2 $2 (60... Qh5+ $1 $19 61. Kd2 h2) 61. Qxh2 $11 Qg4+ 62. Ke3 Rc8 (62... Qg5+ $11 63. Kd3 Qc1) 63. Qe5+ $14 Kg8 $2 ({Black should try} 63... Kg6 $1 $14) 64. Bc6 $2 ({White should try} 64. b6 $18) 64... Qh3+ {[%emt 0:00:04] [#]} (64... Qg1 $14) 65. Ke2 (65. Kd4 $1 $18) 65... Qg4+ $11 66. Ke3 (66. Kd2 $11) 66... Qh3+ $16 {[%emt 0:00:01] [#]} 67. f3 (67. Kd4 $1 $16) 67... Qh6+ 68. Qf4 Qh1 $2 (68... Qg6 $11) 69. Qg4+ Kh7 70. Qxc8 Qe1+ 71. Kd4 Qb4+ 1-0

[Event "European Women Blitz-ch 2024"]
[Site "Monaco"]
[Date "2025.01.10"]
[Round "4.11"]
[White "Cramling Bellon, Anna"]
[Black "Gvetadze, Sofio"]
[Result "1-0"]
[Annotator "TA"]
[ECO "A68"]
[WhiteElo "2052"]
[BlackElo "2298"]
[PlyCount "85"]
[EventDate "2025.01.06"]
[EventType "swiss"]
[EventCountry "MNC"]
[SourceTitle "playchess.com"]
[Source "ChessBase"]
[SourceQuality "1"]
[TimeControl "180+2"]

1. d4 Nf6 2. c4 c5 3. d5 g6 4. Nc3 Bg7 5. e4 d6 6. f4 O-O 7. Nf3 e6 8. Bd3 exd5 9. cxd5 a6 10. a4 Qc7 11. Qe2 Nbd7 12. O-O Re8 13. Bd2 Rb8 (13... Nxe4 $11 14. Nxe4 f5) 14. Rae1 {[%emt 0:00:13] White is more active.} Qb6 {[%emt 0:00:11] [#]} (14... b5 $1 $11 {keeps the balance.}) 15. a5 $1 Qxa5 $14 16. e5 dxe5 17. fxe5 Ng4 {[%emt 0:00:03] [#]} ({Black should play} 17... c4 $1 $14) 18. e6 $1 $36 {[%emt 0:00:21][%mdl 2048] White is in control.} fxe6 19. dxe6 ({White should play} 19. h3 $18) 19... Ndf6 $2 (19... c4 $1 $14 20. Bxc4 (20. exd7 Rxe2 21. Bxc4+ Kh8 $11) 20... Qc5+ 21. Kh1 Nde5) 20. e7 {[%emt 0:00:08] Hoping for Ng5.} b5 {[%emt 0:00:32] [#]} 21. Nxb5 $1 Qb6 22. Bc4+ (22. Ba5 $18 {and the rest is easy.} Qxa5 23. Nd6) 22... Kh8 $16 23. Ng5 h6 $2 (23... axb5 $2 24. Nf7+ Kg8 25. Nd6+ (25. Nh6+ Kh8 $18) 25... Kh8 (25... bxc4 $2 26. Qxc4+ $18) 26. Nxe8 $18) (23... Nh6) 24. Nf7+ Kh7 25. Nbd6 Bd7 26. Nxe8 (26. Bxa6 c4+ 27. Kh1 Qxa6 $14) 26... Bxe8 {[%emt 0:00:01] [#]} 27. Nd6 $4 Qxd6 $19 28. Bf4 Qd4+ 29. Kh1 Rxb2 30. Qf3 Qxc4 31. h3 {[%emt 0:00:02] [#]} h5 $1 32. Be5 (32. hxg4 Nxg4) 32... Nxe5 33. Rxe5 Rc2 {[%emt 0:00:01][%cal Oe8c6] and ...Bc6! would now be decisive} 34. Ree1 Rd2 35. Qg3 Qf7 36. Qc7 Rd7 37. Qxc5 Qg8 38. g4 h4 {[%emt 0:00:02] ( -> ...Rd3)} 39. g5 Nh5 40. Qb4 Ng3+ 41. Kg1 Nxf1 $4 (41... Rd4 {and life is good for Black.} 42. Rf4 Rxb4 43. Rxb4 Nf5 44. Re3 Qd5 (44... Nxe3 $2 45. Rxh4+ $19) 45. Re2 Qc5+ 46. Kh1 Qxb4 47. Kg1 Bd4+ (47... Nxe7 {is a self mate.} 48. Kg2 Bc6+ 49. Kf1 Qc4 50. Kf2 Qf4+ 51. Ke1 Bc3+ 52. Kd1 Ba4+ 53. Rc2 Qf1#) 48. Kh2 Qb8+ (48... Nxe7 49. Rg2 Qb8+ 50. Kh1 Qb1+ 51. Kh2 Bc6 52. Rg4 Qh1#) 49. Kh1 Bc6+ (49... Ng3+ 50. Kh2 Nxe2+ 51. Kg2 Qg3+ 52. Kh1 Qxh3#) 50. Rg2 Qg3 51. e8=B Bxg2#) 42. Qxh4+ Bh6 43. Qxh6# 1-0

[Event "European Women Blitz-ch 2024"]
[Site "Monaco"]
[Date "2025.01.10"]
[Round "4.12"]
[White "Tsolakidou, Stavroula"]
[Black "Kubicka, Anna"]
[Result "1-0"]
[Annotator "TA"]
[ECO "B94"]
[WhiteElo "2451"]
[BlackElo "2230"]
[PlyCount "95"]
[EventDate "2025.01.06"]
[EventType "swiss"]
[EventCountry "MNC"]
[SourceTitle "playchess.com"]
[Source "ChessBase"]
[SourceQuality "1"]
[TimeControl "180+2"]

1. e4 c5 2. Nf3 d6 3. d4 cxd4 4. Nxd4 Nf6 5. Nc3 a6 6. Bg5 Nbd7 7. a3 h6 8. Bh4 e6 9. Qe2 Be7 10. O-O-O Qc7 11. g4 b5 12. Bg3 Qc5 (12... Bb7 $11 {remains equal.}) 13. h4 Bb7 14. Bg2 Rc8 15. Nb3 (15. e5 {is interesting.} Bxg2 16. exf6 Bxf6 17. Nxe6 fxe6 18. Qxe6+ Kd8 19. Bxd6 Rc6 20. Rhe1) 15... Qc4 16. Qxc4 Rxc4 17. Na5 $36 {[%emt 0:00:10][%mdl 2048] White is really pushing.} Rxc3 18. Nxb7 (18. bxc3 Bxe4 19. f3 Bd5 $17) 18... Rc4 $2 (18... Rxg3 $16 19. fxg3 O-O) 19. Nxd6+ $18 Bxd6 20. Rxd6 ({Weaker is} 20. Bxd6 Nxg4 21. Rd2 Nc5 $18) 20... Rc8 21. Rhd1 Nc5 22. f3 O-O 23. g5 Nh5 24. Bh2 hxg5 25. hxg5 g6 26. f4 (26. b4 $142) 26... a5 (26... Ng7 {was worth a try.} 27. Kb1 Rfe8) 27. Kb1 b4 28. axb4 axb4 29. Rb6 b3 (29... Rfd8 $142 30. Rbd6 (30. Rxd8+ Rxd8 31. f5 Rd2 $16) 30... Rxd6 31. Rxd6 b3 32. cxb3 Nxb3) 30. cxb3 Rcd8 31. Rbd6 Rb8 32. f5 exf5 $2 (32... Rxb3 33. Rd8 Rxd8 34. Rxd8+ Kh7) 33. exf5 gxf5 34. Rc6 Rb5 (34... Ne6 $142 35. Bxb8 Rxb8) 35. Bf1 Rxb3 36. Rxc5 Re8 37. Rc2 f4 38. Bc4 Rh3 39. Bg1 f3 40. Bd4 {[%emt 0:00:03] Black must now prevent g6.} Nf4 41. Rf1 Ne2 42. Bxe2 Rxe2 43. Rxe2 (43. Rc8+ $142 Kh7 44. Rh8+ Kg6 45. Rxh3 f2 46. Bxf2 f5 47. gxf6 Kxf6 48. Bg3+ Ke6 49. Rh6+ (49. Re1 Rxe1+ 50. Bxe1 Kd5 $18) 49... Kd5 50. Rd1+ Kc4 51. Rh4+ Kc5 52. Rh5+ Kc6 53. Rd6+ Kb7 54. Rh7+ Kc8 55. Ra6 Re7 56. Rxe7 Kd8 57. Bd6 Kc8 58. Ra8#) 43... fxe2 {[%emt 0:00:01] KRB-KR} 44. Re1 Rd3 45. Bc3 Kh7 46. Rxe2 Kg6 47. Rf2 Rd7 48. Bf6 1-0

[Event "European Women Blitz-ch 2024"]
[Site "Monaco"]
[Date "2025.01.10"]
[Round "4.13"]
[White "Kosteniuk, Alexandra"]
[Black "Prado Acebo, Ines"]
[Result "1-0"]
[Annotator "TA"]
[ECO "B08"]
[WhiteElo "2484"]
[BlackElo "2176"]
[PlyCount "61"]
[EventDate "2025.01.06"]
[EventType "swiss"]
[EventCountry "MNC"]
[SourceTitle "playchess.com"]
[Source "ChessBase"]
[SourceQuality "1"]
[TimeControl "180+2"]

1. e4 c5 2. d4 cxd4 3. Qxd4 Nc6 4. Qd3 g6 5. Nc3 Bg7 6. Nf3 d6 7. Be2 Nf6 8. O-O O-O 9. Nd5 Nd7 10. c3 a6 11. a4 Rb8 12. Bg5 h6 13. Bh4 Nc5 14. Qe3 (14. Qc2 $14) 14... b5 $2 (14... g5 $1 $11 {and Black is okay.} 15. b4 Nxa4) 15. axb5 axb5 16. Rfd1 $2 (16. Nd4 $18 Nxd4 17. Nxe7+ (17. cxd4 g5 $18) 17... Kh7 18. cxd4) 16... Bg4 $2 (16... g5 $16) 17. h3 $2 ({White has to play} 17. Nd4 $18 Bxd4 18. cxd4 Bxe2 19. Qxe2) 17... Be6 (17... Bxf3 $14 18. gxf3 (18. Qxf3 g5 $16) 18... g5) 18. Nd4 $1 $18 Bxd5 19. exd5 Nxd4 (19... Ne5 $142 20. b4 (20. Bxb5 Nb3 $14) (20. Nxb5 f5 $18) 20... Na4 21. Bxb5 Nb2) 20. cxd4 g5 21. Bxg5 $2 (21. dxc5 $18 {and the rest is easy.} gxh4 22. c6) 21... hxg5 $16 22. dxc5 dxc5 {[%emt 0:00:02] Black is weak on the light squares} 23. Qxg5 Rb6 24. Ra7 {[%emt 0:00:08] White has more active pieces.} Rf6 25. Qe3 (25. Bxb5 Qb6 26. Rxe7 Qxb5 $16) 25... Re8 (25... Qd6 $142 26. Rxe7 Rg6 27. Bxb5 Bxb2) 26. Bxb5 Qb6 27. Bxe8 Qxa7 28. b3 Kf8 {[%emt 0:00:02] [#]} 29. Ba4 (29. Bb5 $142 $1) 29... Rg6 $2 {[%emt 0:00:03] [#]} (29... Rd6 $16) 30. d6 $1 $18 {[%emt 0:00:07][%cal Bd5d6,Bd6d7][%mdl 32] Black must now prevent d7.} Re6 $2 (30... Bd4 $18) 31. d7 1-0

[Event "European Women Blitz-ch 2024"]
[Site "Monaco"]
[Date "2025.01.10"]
[Round "4.14"]
[White "Hrebenshchykova, Yelyzaveta"]
[Black "Khotenashvili, Bella"]
[Result "1-0"]
[Annotator "TA"]
[ECO "A30"]
[WhiteElo "2280"]
[BlackElo "2420"]
[PlyCount "117"]
[EventDate "2025.01.06"]
[EventType "swiss"]
[EventCountry "MNC"]
[SourceTitle "playchess.com"]
[Source "ChessBase"]
[SourceQuality "1"]
[TimeControl "180+2"]

1. Nf3 g6 2. d4 Bg7 3. g3 c5 4. c4 cxd4 5. Nxd4 Nc6 6. Nc2 h5 7. h3 d6 8. Bg2 Be6 9. Ne3 Qd7 10. Nc3 Ne5 11. Ncd5 Rc8 12. Qb3 Nh6 ({Black should play} 12... Nf6 $15) 13. Bd2 $11 O-O 14. Rc1 Nf5 15. Nxf5 Bxf5 16. Ne3 Be6 17. h4 {[%emt 0:00:31] [#]} (17. a4 $11 {and White is okay.}) 17... Nxc4 $1 $19 18. Nxc4 b5 19. Nb6 (19. Qa3 $17 Rxc4 (19... bxc4 $2 20. O-O $19) (19... Bxc4 20. b3 $17) 20. Rxc4 bxc4 (20... Bxc4 21. b3 $17) 21. Bc3) 19... axb6 $19 20. Qe3 Bxb2 21. Rb1 Bg7 (21... Bxa2 $2 22. Rxb2 Bc4 23. O-O $18 (23. Qxb6 Rfd8 $18)) 22. a3 Qa7 23. Bb4 Rc2 24. O-O Rfc8 (24... Bc4 $19 25. Rfe1 Rc8) 25. Rfd1 (25. Be4 $17) 25... Qa6 (25... Ba2 $19 {and Black stays clearly on top.} 26. Rbc1 Rxc1 27. Rxc1 Bc4) 26. Bd5 (26. Be4 $17 {was necessary.}) 26... Bxd5 $19 27. Rxd5 R8c7 28. Kh2 R2c4 29. Qf3 Qb7 30. Rbd1 Qc8 31. Qe3 Qe6 32. Qxb6 (32. Qxe6 $142 fxe6 33. Rxb5) 32... R7c6 33. Qb8+ Kh7 34. R5d2 $2 (34. Qe8) 34... Rc2 $2 (34... Rxh4+ $19 35. Kg1 Qh3 36. gxh4 Be5) 35. Qb7 (35. Qxb5 $15 R2c4 36. Qd5) 35... Rxd2 36. Rxd2 {[%emt 0:00:01] [#]} Bd4 $2 (36... Rc1 $1 $17 37. Qf3 Qc4) 37. Qxc6 $18 Bxf2 38. Qf3 Be3 39. Rd3 Bb6 40. e4 Qa2+ 41. Qg2 Qc4 42. Rd1 f6 43. Re1 Qd4 44. Qf3 Qb2+ 45. Qe2 Qe5 46. Bd2 Bc5 47. Bb4 (47. Qxb5 Bg1+ (47... Bxa3 $2 {loses.} 48. Qb3 $18) 48. Kxg1 Qxb5 $19) 47... Bb6 $1 48. Rc1 Bd4 49. Qd3 Bb6 50. Rc6 Bd4 51. Bc3 Bxc3 52. Rxc3 Qe6 53. Rc7 Kg7 54. Qd5 Qg4 55. Rxe7+ Kh6 56. Qd2+ g5 57. hxg5+ (57. Qxd6 Qe2+ 58. Kg1 Qe1+ 59. Kg2 Qe2+ 60. Kg1 Qe1+ 61. Kg2 Qe2+ 62. Kg1 $11) 57... Kg6 58. gxf6 ({Inferior is} 58. Qxd6 Qe2+ 59. Kg1 Qe1+ 60. Kg2 Qe2+ 61. Kg1 Qe1+ 62. Kg2 Qe2+ 63. Kg1 $11) 58... h4 59. Rg7+ 1-0

[Event "European Women Blitz-ch 2024"]
[Site "Monaco"]
[Date "2025.01.10"]
[Round "4.15"]
[White "Narva, Mai"]
[Black "Rakhmangulova, Anastasiya"]
[Result "1-0"]
[Annotator "TA"]
[ECO "B07"]
[WhiteElo "2398"]
[BlackElo "2323"]
[PlyCount "95"]
[EventDate "2025.01.06"]
[EventType "swiss"]
[EventCountry "MNC"]
[SourceTitle "playchess.com"]
[Source "ChessBase"]
[SourceQuality "1"]
[TimeControl "180+2"]

1. e4 d6 2. d4 Nf6 3. f3 Nbd7 4. c4 e5 5. d5 Be7 6. Nc3 c6 7. Be3 a6 8. g4 O-O 9. Nge2 Ne8 10. Qd2 Nc7 11. Ng3 cxd5 $1 12. cxd5 g6 {[%emt 0:00:18] Prevents Nf5} 13. O-O-O b5 {[%emt 0:00:01] [#]} (13... Bh4 $1 $14) 14. a3 (14. h4 $1 $16) 14... Rb8 {[%emt 0:00:10] [#]} 15. h4 $1 a5 $1 16. g5 (16. Qh2 $1 $14 {was forced to keep a grip.}) 16... b4 $17 17. axb4 axb4 18. Na4 b3 19. Kb1 Ra8 20. Nc3 {[%emt 0:00:09] Active counter play!} Na6 (20... h5 $15) 21. Bc4 $2 (21. Nb5 $1 $11) 21... Nac5 $2 (21... Nb4 $19 {( -> ...Qa5)} 22. Nb5 (22. Bxb3 Ba6 $17) 22... Nc2 23. Bxb3 Nxe3 24. Qxe3 Nc5) 22. Nb5 $2 (22. h5 $1 $11 Qa5 23. Bxb3) 22... Qb6 $2 ({Weaker is} 22... Nb6 23. Be2 Bd7 24. Na3 Rxa3 25. bxa3 $17) (22... Ba6 $19 {White must now prevent ...Bxb5.} 23. Na3 Bxc4 24. Nxc4 Nb6) 23. h5 $15 Ra4 (23... Ba6 $11 {keeps the balance.} 24. Na3 Bxc4 25. Nxc4 Qa6) 24. Na3 $16 {[%emt 0:00:02] Chess con chili.} Rxc4 $4 25. Nxc4 Qa7 26. Na3 (26. Qh2 $142) 26... Ba6 $2 (26... Nb6 27. Qh2 Bd8 28. Bxc5 dxc5) 27. Qh2 $18 Nf6 28. gxf6 Bxf6 29. hxg6 fxg6 30. Bxc5 dxc5 31. d6 Qd7 32. Qd2 Bb7 33. Qc3 Rb8 34. Qxc5 Kg7 35. Rhg1 {[%emt 0:00:02] aiming for Nh5+.} Bc6 36. Nf5+ Kh8 37. Ne7 Ba4 38. Qc7 (38. Nxg6+ $142 hxg6 39. Rxg6 Rf8 40. Rh1+ Qh7 41. Rxh7+ (41. Rgh6 Qxh6 42. Rxh6+ Kg7 $18) 41... Kxh7 42. Rg2 (42. Rxf6 Rxf6 43. Qa7+ Kh6 $18) 42... Rf7 43. Rh2+ Kg7 44. Qc8) 38... Re8 39. Qxd7 Bxd7 40. Nd5 Bh4 41. Nc4 Bb5 42. Ncb6 Rd8 43. Nc7 Be2 {[%emt 0:00:01] [#]} 44. Ne6 $1 Rb8 (44... Re8 45. Nc5) 45. Rd2 Bxf3 {[%emt 0:00:02] [#]} 46. d7 $1 {[%emt 0:00:05] Threatening mate with Nc8.} Bxe4+ 47. Kc1 Rxb6 48. d8=Q+ 1-0

[Event "European Women Blitz-ch 2024"]
[Site "Monaco"]
[Date "2025.01.10"]
[Round "4.16"]
[White "Osmak, Yuliia"]
[Black "Rudzinska, Michalina"]
[Result "0-1"]
[Annotator "TA"]
[ECO "B22"]
[WhiteElo "2463"]
[BlackElo "2226"]
[PlyCount "116"]
[EventDate "2025.01.06"]
[EventType "swiss"]
[EventCountry "MNC"]
[SourceTitle "playchess.com"]
[Source "ChessBase"]
[SourceQuality "1"]
[TimeControl "180+2"]

1. e4 c5 2. Nf3 e6 3. c3 d5 4. exd5 Qxd5 5. d4 Nf6 6. Na3 a6 7. Nc4 Nbd7 8. a4 cxd4 9. Qxd4 Bc5 10. Qxd5 (10. Qh4 {with more complications.} O-O 11. Be2 b5 12. Ne3) 10... Nxd5 11. a5 O-O 12. Be2 Ba7 13. O-O Nc5 14. Ra3 Bd7 15. Nce5 Be8 16. Bc4 (16. c4 $11 Nb4 17. Bd1) 16... Bb5 $15 17. Rd1 (17. Bxb5 $15 axb5 18. Nd4) 17... Ne4 $17 18. Nd4 Bxc4 19. Nxc4 Rac8 20. Ne3 Nf4 {[%emt 0:00:08] Black has more active pieces.} (20... Rfd8 $17 21. Re1 Nb4) 21. Kf1 Rfd8 22. f3 Nf6 23. Nec2 N4d5 24. Bg5 h6 25. Bxf6 Nxf6 26. Raa1 Rd5 27. Nb4 Rh5 28. h3 e5 (28... g6 $17) 29. Ne2 (29. g4 $1 $14) 29... e4 $1 $36 {[%emt 0:00:01][%mdl 2048] Black is more active.} 30. Ng3 Re5 31. f4 (31. Re1 $11) 31... Rb5 $17 32. Re1 e3 33. Re2 (33. Red1 $17) 33... Rc4 $19 34. Nd3 (34. Ke1 $142) 34... Rd5 35. Rd1 Rxf4+ (35... Rxa5 36. Rc2) 36. Nxf4 (36. Ke1 {was forced.} Rh4 37. Nf1) 36... Rxd1+ 37. Re1 Rd2 38. Re2 Rd7 39. Re1 (39. Ke1 $142) 39... Re7 $2 (39... g6 $19 40. Nfe2 Rd2) 40. Nge2 $2 ({Better is} 40. Rd1 $1 $15) 40... Ne4 41. Rd1 {[%emt 0:00:03] [#]} (41. Nd4 {might work better.}) 41... Nd2+ $1 42. Ke1 Nc4 $2 (42... Re5 $19 {[%cal Oe5f5] Strongly threatening ...Rf5!.} 43. Nd4 Rxa5) 43. Rd8+ $11 Kh7 44. Nd5 Re5 45. Ndf4 $2 (45. b4 $11 {and White stays safe.}) 45... Nxb2 46. Rd7 $2 (46. Nd5) 46... Rxa5 $19 47. Nd4 Ra1+ 48. Ke2 Nc4 (48... Na4 $142 49. Nd5 Ra3) 49. Rxb7 Bxd4 50. cxd4 {[%emt 0:00:01][%mdl 4096] Endgame KRN-KRN. Black is two pawns up.} Ra2+ 51. Kd3 Nd6 52. Rd7 Ra3+ 53. Ke2 Nf5 54. g4 $2 {[%emt 0:00:04] [#]} (54. Nd3) 54... Ng3+ $1 55. Kf3 e2+ 56. Kf2 {[%emt 0:00:01] [#]} Rf3+ $3 57. Ke1 (57. Kxf3 e1=Q) 57... Rf1+ 58. Kd2 e1=Q+ 0-1

[Event "European Women Blitz-ch 2024"]
[Site "Monaco"]
[Date "2025.01.10"]
[Round "4.17"]
[White "Alexieva, Silvia"]
[Black "Schulze, Lara"]
[Result "0-1"]
[Annotator "TA"]
[ECO "D02"]
[WhiteElo "2210"]
[BlackElo "2266"]
[PlyCount "102"]
[EventDate "2025.01.06"]
[EventType "swiss"]
[EventCountry "MNC"]
[SourceTitle "playchess.com"]
[Source "ChessBase"]
[SourceQuality "1"]
[TimeControl "180+2"]

1. d4 Nf6 2. Bf4 d5 3. e3 e6 4. Bd3 Bd6 5. Bg3 O-O 6. Nf3 c5 7. c3 Qc7 8. Ne5 Nbd7 9. f4 Ne4 10. Bxe4 dxe4 11. Nd2 f5 12. a4 b6 13. O-O Ba6 14. Rf2 (14. Qb3 $1 $15 Rfe8 15. Nec4) 14... Nf6 $17 15. Bh4 (15. Qb3 $17 Nd5 16. Ndc4 Bxe5 17. Nxe5) 15... Bxe5 (15... cxd4 $19 16. cxd4 Bxe5 17. dxe5 Nd5) 16. fxe5 (16. dxe5 $17 {was the only defense.} Ng4 17. Nxe4) 16... Ng4 17. Qe1 $2 (17. Nxe4 $17 Nxf2 18. Nxf2) 17... Nxf2 18. Qxf2 Bd3 19. Qg3 Kh8 20. Qh3 Qd7 21. Kh1 Rac8 22. Nf1 cxd4 23. exd4 f4 {[%emt 0:00:00] Repels Qg3} 24. Nd2 {[%emt 0:00:05] [#]} f3 $1 25. gxf3 {[%emt 0:00:01] White is weak on the light squares} (25. Kg1 fxg2) 25... exf3 26. Bf2 Qf7 27. Rg1 Qf4 28. Nb3 $2 (28. Qg3 Rf7 (28... Qxd2 29. Qxg7#) 29. Qxf4 Rxf4 30. h3) 28... Bc2 29. Nc1 Bxa4 (29... Qd2 $142 30. Qg3 Rf7 (30... Bxa4 31. Qxg7#)) 30. Nd3 $2 (30. Qg4 Qxg4 31. Rxg4) 30... Qd2 $19 31. Qg3 Rc7 (31... Qxd3 32. Qxg7#) 32. Nb4 a5 33. Na6 Rcf7 34. c4 Qxb2 35. c5 Qb5 36. d5 Qxa6 37. dxe6 Re7 38. cxb6 Bc6 (38... Rxe6 39. Qxg7#) 39. Qg5 Qb7 (39... Rxe6 40. Qxg7#) 40. h4 Rxe6 {[%emt 0:00:01] ...Rfe8 would now be deadly.} 41. Kh2 a4 42. Bc5 Rfe8 43. Bd6 f2 (43... Qxb6 44. Qxg7#) 44. Rf1 a3 {[%emt 0:00:05] ( -> ...Rg6)} 45. Rxf2 Rg6 46. Qf5 Bd5 {[%emt 0:00:03] ( -> ...a2)} ({Not} 46... Qxb6 47. Qf8+ Rxf8 48. Rxf8#) 47. h5 Rh6 48. Qg5 Rg8 49. Bf8 Bf7 (49... Qxb6 $142 50. Kg3 a2 51. Bxg7+ Rxg7 52. Rf8+ Bg8 53. Kh4 Qb4+ (53... a1=B {is a self mate.} 54. Rf5 Rxg5 55. Kxg5 Qe3+ 56. Kh4 Bxe5 57. Rxe5 Qxe5 58. Kg4 Bd5 59. Kh3 Rxh5+ 60. Kg4 Qg5#) (53... Rxg5 54. Kxg5 Qe3+ 55. Kg4 a1=Q 56. Rxg8+ Kxg8 57. Kf5 Qaxe5+ 58. Kg4 Qxh5#) 54. Rf4 Qe1+ (54... a1=Q 55. Qxg7+ Kxg7 56. Rxb4 Qe1+ 57. Kg4 Bd5 58. Rf4 Qg1+ 59. Kh4 Be6 60. Re4 Qh2+ 61. Kg5 Rxh5#) 55. Kg4 Qe2+ (55... a1=B 56. Rf5 Qe4+ 57. Kg3 Qxf5 58. Qxg7+ Kxg7 59. Kg2 Bd5+ 60. Kh2 Qf2+ 61. Kh3 Be6#) (55... a1=Q 56. Qxg7+ Kxg7 57. Rf5 Qd4+ 58. Kh3 Qdh4+ 59. Kg2 Qhh1#) 56. Rf3 Rxg5+ (56... a1=B 57. Qxg7+ Kxg7 58. Kg3 Bxe5+ 59. Kg4 Be6+ 60. Kg5 Qg2+ 61. Kh4 Qg4#) (56... Qe4+ 57. Kg3 Rxg5+ 58. Kf2 a1=Q 59. Rh3 Rg2#) 57. Kxg5 Qxf3 58. Kxh6 Qf4#) 50. Bxa3 Rxh5+ 51. Qxh5 Bxh5 0-1

[Event "European Women Blitz-ch 2024"]
[Site "Monaco"]
[Date "2025.01.10"]
[Round "4.18"]
[White "Maisuradze, Nino"]
[Black "Hunt, Harriet V"]
[Result "0-1"]
[Annotator "TA"]
[ECO "E15"]
[WhiteElo "2174"]
[BlackElo "2298"]
[PlyCount "82"]
[EventDate "2025.01.06"]
[EventType "swiss"]
[EventCountry "MNC"]
[SourceTitle "playchess.com"]
[Source "ChessBase"]
[SourceQuality "1"]
[TimeControl "180+2"]

1. d4 Nf6 2. c4 e6 3. Nf3 b6 4. g3 Ba6 5. b3 b5 6. Nbd2 Bb4 7. c5 (7. Bg2 $14) 7... Bb7 (7... Bc3 $5 8. Rb1 Bb7 $15) 8. Bg2 Bc3 {[%emt 0:00:04] Inhibits Bb2.} 9. Rb1 Bxd4 $1 {[%emt 0:00:07] Black has more active pieces.} (9... Bxd2+ $6 10. Bxd2 (10. Qxd2 Be4 $11) 10... h6 11. O-O $11) 10. Qc2 {[%emt 0:00:36] [#]} b4 $1 11. O-O Bc3 12. e4 Na6 13. Bb2 Bxb2 14. Rxb2 Qe7 15. Rc1 $1 e5 (15... Nb8 $15) 16. Ne1 (16. Qc4 $11) 16... O-O (16... Nb8 $17) 17. Nd3 Rab8 18. Qc4 Bc8 19. Bf1 (19. a3 $11) 19... d6 20. c6 (20. a3 $11 {keeps the balance.}) 20... Rb6 $17 21. f3 ({White should play} 21. Qc2) 21... Be6 22. Qc2 {[%emt 0:00:01] [#]} Nc5 23. Nxc5 (23. Nxe5 $1 $15 Bxb3 24. Nxb3 Qxe5 25. Qf2) 23... Rxc6 $1 24. Qd3 {[%emt 0:00:09] and Nxe6 should not be overlooked} dxc5 25. Nc4 Rd8 26. Qe2 Nd7 ({Black should play} 26... Bxc4 $17 27. Qxc4 a6) 27. Rd2 (27. Na5 $1 $15 Rb6 28. Qe3) 27... Bxc4 $19 28. Qxc4 Rd6 29. Rcd1 g6 30. Qc2 Rb8 31. Bc4 Rbb6 32. Kg2 Kg7 33. Bd5 Nf6 34. Qxc5 $2 (34. Qc1) 34... Qd8 $2 (34... c6 $19 35. Qxd6 Qxd6 36. Bxf7 Qe7) 35. Rc1 $2 (35. Rd3 $17) 35... Nxd5 $2 (35... c6 $19 {and Black stays clearly on top.} 36. Rcd1 cxd5 37. exd5 Rb7) 36. Rxd5 $17 Rxd5 37. exd5 $19 {[%emt 0:00:02][%cal Oc1c2] KQR-KQR. Black is a pawn up.} Ra6 38. Qxc7 $2 (38. Rc2 $17 {is a better chance.}) 38... Rxa2+ 39. Kg1 Qxd5 {[%emt 0:00:02][%cal Oh7h6] ( -> ...h6!)} 40. Qc4 (40. Qc5 $19 Qxf3 41. Qxe5+ Qf6 (41... Kh6 $2 42. Qf4+ Qxf4 43. gxf4 $19) 42. Qxf6+ Kxf6 43. Rc6+ Kg7 44. Rc7) 40... Qd2 41. Qf1 Qxh2# 0-1